 Dungeon Crawl Stone Soup version 0.31-a0-640-g39d97e502b (webtiles) character file.

Game seed: 8260722974152112590

67 qw the Shooter (level 4, -5/27 HPs)
             Began as a Gargoyle Hunter on Aug 27, 2023.
             Slain by a gnoll
             ... wielding a +0 club
              (7 damage)
             ... on level 3 of the Dungeon.
             The game lasted 00:00:35 (1807 turns).

qw the Shooter (Gargoyle Hunter)                    Turns: 1807, Time: 00:00:35

Health: -5/27      AC: 10    Str: 14    XL:     4   Next: 18%
Magic:  4/4        EV: 11    Int: 10    God:
Gold:   139        SH:  0    Dex: 15    Spells: 3/3 levels left

rFire   . . .        Y - +1 shortbow
rCold   . . .        (shield currently unavailable)
rNeg    + . .        b - +0 ring mail
rPois   inf          (no helmet)
rElec   +            l - +0 cloak
rCorr   .            (no gloves)
SInv    .            (no boots)
Will    .....        (no amulet)
Stlth   +            (no ring)
HPRegen 0.24/turn    (no ring)
MPRegen 0.09/turn

%: no passive effects
@: no status effects
A: sickness immunity, AC +3, negative energy resistance 1, electricity
resistance, torment resistance 1, petrification resistance
a: no special abilities


You were on level 3 of the Dungeon.
You visited 1 branch of the dungeon, and saw 3 of its levels.

You collected 139 gold pieces.


Innate Abilities, Weirdness & Mutations

You are immune to sickness and miasma.
Your stone body is resilient. (AC +3)
You are immune to poison.
You resist negative energy. (rN+)
You are resistant to electric shocks. (rElec)
You are resistant to unholy torment.
You are immune to petrification.


   Skills:
 + Level 2.9 Fighting
 - Level 5.0 Ranged Weapons
 - Level 1.5 Armour
 - Level 1.5 Dodging
 - Level 1.1 Stealth


You had 3 spell levels left.
You didn't know any spells.
Your spell library was empty.

Inventory:

Hand Weapons
 Y - a +1 shortbow (weapon)
Armour
 b - a +0 ring mail (worn)
 l - a +0 cloak (worn)
Scrolls
 f - 2 scrolls of identify
Potions
 a - a potion of attraction {unknown}
 d - a potion of berserk rage {unknown}
 g - a potion of invisibility {unknown}
 h - a potion of mutation {unknown}
 j - a potion of magic {unknown}
 k - a potion of curing {unknown}
 n - a potion of degeneration {unknown}

Dungeon Overview and Level Annotations

Branches:
Dungeon (3/15)

Altars:


Message History

Enter note:
Enter note: You shoot an arrow.
The arrow hits the gnoll!
You kill the gnoll!
The gnoll hits you but does no damage.
Your Armour skill increases to level 1!
You shoot an arrow. The arrow closely misses the gnoll.
The gnoll barely misses you. The gnoll hits you but does no damage.
You shoot an arrow. The arrow hits the gnoll.
The gnoll is lightly wounded.
A kobold comes into view. It is wielding a +0 dagger.
The gnoll hits you with a +0 club. The gnoll hits you but does no damage.
You shoot an arrow. The kobold shouts!
The arrow hits the gnoll!
The gnoll is severely wounded.
The gnoll hits you but does no damage. x2
You shoot an arrow. The arrow closely misses the gnoll.
The gnoll hits you but does no damage. The gnoll hits you with a +0 club.
The gnoll hits you from afar with a +0 spear. x2
The gnoll hits you but does no damage.
You shoot an arrow. The arrow barely misses the gnoll.
The arrow hits the kobold but does no damage.
The gnoll hits you with a +0 whip. The gnoll closely misses you.
The gnoll hits you from afar with a +0 spear.
You shoot an arrow. The arrow barely misses the gnoll.
The arrow completely misses the kobold.
The gnoll barely misses you. The gnoll hits you but does no damage.
You shoot an arrow. The arrow barely misses the gnoll.
The arrow barely misses the kobold.
The gnoll hits you with a +0 whip. The gnoll hits you with a +0 club.
The gnoll barely misses you. The kobold hits you but does no damage.
You shoot an arrow. The arrow barely misses the gnoll.
The gnoll barely misses you. The gnoll closely misses you.
The gnoll hits you but does no damage. The kobold barely misses you.
The gnoll barely misses you. The gnoll hits you but does no damage.
You shoot an arrow. The arrow closely misses the gnoll.
The kobold closely misses you. The gnoll hits you but does no damage.
The gnoll hits you with a +0 club!
You die...

.##.####.............#.....
.....................#.....
##.###..............#.....
.....................#...##
##.#####.............#.###
#.####................#
#..gg..g.............####
#...##.##ggK.............#
#..> #.###@..............#
...g ..# #.............###
..g #.## ##............# ##
#. #...>........## #.
.....##.....## ..
.........#..# ##..#...##.##
.########.... #....###..#
.#........>.### #....##...#


You could see 3 gnolls and a kobold.

Vanquished Creatures
  A gnoll (D:3)
  An adder (D:2)
  2 worms (D:3)
  A dart slug (D:1)
  An orc (D:2)
  A ball python (D:1)
  5 bats
  An endoplasm (D:2)
  3 giant cockroaches
  6 goblins
  7 hobgoblins
  A quokka (D:3)
  3 kobolds
  3 rats
36 creatures vanquished.

Notes
Turn   | Place    | Note
-------+----------+-------------------------------------------
     0 | D:1      | qw the Gargoyle Hunter began the quest for the Orb.
     0 | D:1      | Reached XP level 1. HP: 12/12 MP: 1/1
     0 | D:1      | 0 ||| qw: Version: 0.3-a-74-g0d5e918
     0 | D:1      | 0 ||| qw: Game counter: 102
     0 | D:1      | 0 ||| qw: Melee chars always use a shield: true
     0 | D:1      | 0 ||| qw: God list: Okawaru
     0 | D:1      | 0 ||| qw: Allow faded altars: false
     0 | D:1      | 0 ||| qw: Do Orc after clearing Dungeon:15 true
     0 | D:1      | 0 ||| qw: Do second Lair branch before Depths: true
     0 | D:1      | 0 ||| qw: Lair rune preference: random
     0 | D:1      | 0 ||| qw: Goals: Normal
     0 | D:1      | 0 ||| PLANNING D:1-11
    78 | D:1      | Reached XP level 2. HP: 17/17 MP: 2/2
   952 | D:1      | 952 ||| READING scroll labelled XIQYEN GIDDUR.
   953 | D:1      | 953 ||| READING scroll labelled YRAUTO OQAROA.
   954 | D:1      | 954 ||| READING scroll labelled YLOIHORUKY.
   955 | D:1      | 955 ||| DROPPING scroll of butterflies.
  1042 | D:2      | Reached XP level 3. HP: 21/21 MP: 3/3
  1112 | D:2      | Reached skill level 5 in Ranged Weapons
  1653 | D:2      | 1653 ||| UPGRADING to +0 ring mail.
  1663 | D:2      | 1663 ||| DROPPING +0 leather armour.
  1664 | D:2      | 1664 ||| UPGRADING to +0 cloak.
  1669 | D:2      | 1669 ||| READING scroll labelled NINLEIMEBI.
  1670 | D:2      | 1670 ||| READING scroll labelled OTHUFI QAROB.
  1675 | D:2      | 1675 ||| READING scroll labelled SYQICA GEFILIM.
  1676 | D:2      | 1676 ||| READING scroll labelled HIBETZ ZOTSEMY.
  1677 | D:2      | 1677 ||| DRINKING 2 orange potions.
  1678 | D:2      | 1678 ||| DROPPING potion of brilliance.
  1778 | D:3      | Reached XP level 4. HP: 27/27 MP: 4/4
  1790 | D:3      | 1790 ||| RETREATING.
  1799 | D:3      | Reached skill level 1 in Armour
  1805 | D:3      | HP: 4/27 [gnoll/+0 whip (4)]
  1807 | D:3      | Slain by a gnoll

Levels and vault maps discovered:
D:1:      dpeg_arrival_morbid_curiosity, layout_basic, nicolae_titane
D:2:      layout_basic, minmay_domino_2
D:3:      layout_rooms, mainiacjoe_overflow_six_doors_small

Skill      XL: |  1  2  3  4 |
---------------+-------------+-----
Ranged Weapons | 5 |  5.0
Armour         | 1 |  1.5
Fighting       | |  2.9
Dodging        | |  1.5
Stealth        | |  1.1

Action                     |  1- 3 |  4- 6 || total
---------------------------+-------+-------++-------
   Fire: Shortbow          |   102 |    13 ||   115
    Use: Scroll            |     7 |       ||     7
         Potion            |     1 |       ||     1
 Armour: Leather armour    |    22 |       ||    22
         Ring mail         |       |    13 ||    13
  Dodge: Dodged            |    22 |     9 ||    31

Table legend:
 A = Non-vault XP
 B = Vault XP
 C = Vault XP percentage of total XP
 D = Non-vault monster count
 E = Vault monster count
 F = Vault count percentage of total count
                 A         B        C        D         E       F
            +---------+---------+-------+---------+---------+-------
      Total |      85 |      12 |  12.4 |      29 |       7 |  19.4
            +---------+---------+-------+---------+---------+-------
        D:1 |      20 |       9 |  31.0 |      10 |       5 |  33.3
        D:2 |      38 |       3 |   7.3 |      15 |       2 |  11.8
        D:3 |      27 |       0 |   0.0 |       4 |       0 |   0.0
            +---------+---------+-------+---------+---------+-------
